 Dungeon Crawl Stone Soup version 0.25-a0-503-ge281fa673e (webtiles) character file.

Game seed: 14578800272091109593, levelgen mode: deterministic

692 Gargoyl the Covered (level 7, -1/59 HPs)
             Began as a Centaur Abyssal Knight on Feb 13, 2020.
             Was a Believer of Lugonu.
             Slain by Pikel
             ... wielding a +2 whip of electrocution
              (10 damage)
             ... on level 5 of the Dungeon.
             The game lasted 00:07:29 (5557 turns).

Gargoyl the Covered (Centaur Abyssal Knight)        Turns: 5557, Time: 00:07:29

Health: -1/59      AC: 10    Str: 15    XL:     7   Next: 36%
Magic:  9/9        EV:  5    Int: 11    God:    Lugonu [**....]
Gold:   199        SH:  0    Dex: 10    Spells: 6/6 levels left

rFire    . . .     SeeInvis +   a - +2 hand axe
rCold    . . .     Gourm    .   (no shield)
rNeg     . . .     Faith    .   d - +0 chain mail
rPois    +         Spirit   .   e - +1 helmet {SInv}
rElec    .         Reflect  .   (no cloak)
rCorr    .         Harm     .   (no gloves)
MR       .....                  (no barding)
Stlth    ..........             (no amulet)
HPRegen  0.19/turn              p - ring of poison resistance
MPRegen  0.11/turn              q - ring of see invisible

@: very quick
A: large, hooves 3, deformed body, speed 2, tough skin 3
a: Depart the Abyss, Bend Space, Renounce Religion


You were on level 5 of the Dungeon.
You worshipped Lugonu.
Lugonu was pleased with you.
You were not hungry.

You visited 2 branches of the dungeon, and saw 6 of its levels.
You visited the Abyss 1 time.

You collected 199 gold pieces.

Inventory:

Hand Weapons
 a - a +2 hand axe (weapon)
Missiles
 n - 5 boomerangs (quivered)
Armour
 d - a +0 chain mail (worn)
 e - a +1 helmet of see invisible (worn)
Jewellery
 p - a ring of poison resistance (left hand)
 q - a ring of see invisible (right hand)
Scrolls
 f - 6 scrolls of remove curse
 g - a scroll of identify
 k - a scroll of magic mapping
 o - a scroll of teleportation
 s - a scroll of blinking
Potions
 b - 2 potions of flight
 h - 2 potions of lignification
 j - 2 potions of heal wounds
 l - 5 potions of curing
 m - a potion of agility
 r - a potion of berserk rage {unknown}
Comestibles
 c - 10 rations


   Skills:
 + Level 4.0 Fighting
 + Level 3.8 Axes
 * Level 4.0 Armour
 * Level 2.1 Dodging
 * Level 3.8 Invocations


You had 6 spell levels left.
You didn't know any spells.
Your spell library was empty.

Dungeon Overview and Level Annotations

Branches:
Dungeon (5/15)             Temple (1/1) D:4

Altars:
Nemelex Xobeh
Yredelemnul
Zin
The Shining One

Annotations:
D:5 Pikel


Innate Abilities, Weirdness & Mutations

You have hooves in place of feet.
Armour fits poorly on your strangely shaped body.
You cover ground very quickly.
You have extremely tough skin. (AC +3)


Message History

You hit the slave.
You kill the slave!
That felt strangely unrewarding.
You hit Pikel. Your kick misses Pikel.
Pikel is lightly wounded.
Pikel hits you but does no damage.
You miss Pikel. Pikel hits you but does no damage.
You miss Pikel.
Pikel hits you with a +2 whip of electrocution!
You hit Pikel but do no damage. Pikel hits you but does no damage.
A slave comes into view.
You closely miss Pikel.
The slave shouts!
Pikel hits you but does no damage.
You are electrocuted!!
Your chain mail prevents you from hitting Pikel.
Pikel hits you with a +2 whip of electrocution.
You are electrocuted!
* * * LOW HITPOINT WARNING * * *
Pikel hits you but does no damage.
You are electrocuted!
You die... # # ######### # #p..p.pKp

# #p# # #p# #
#####K# #
#...#@# #
###...#.# #
#.'J..'.# # ...
#.#...### # ...
#S#...# # ...
#.#...# #
#.#####.#...#
#.##.##..J.#####
#.##.##....#


You could see Pikel and 3 slaves.

Vanquished Creatures
  Sigmund (D:4)
  A slave (D:5)
  A big kobold (D:4)
  A howler monkey (D:4)
  A bullfrog skeleton (D:4)
  2 hounds (D:4)
  2 orc priests (D:4)
  Terence (D:3)
  An orc wizard (Temple)
  4 worker ants
  8 adders
  An ufetubus (Abyss:1)
  2 worms
  2 leopard geckos
  3 orcs
  6 giant cockroaches
  3 goblins
  5 hobgoblins
  9 jackals
  2 quokkas
  A ball python (D:1)
  5 bats
  A frilled lizard (D:3)
  4 kobolds
  A quokka zombie (D:5)
  6 rats
74 creatures vanquished.

Notes
Turn   | Place    | Note
-------+----------+-------------------------------------------
     0 | Abyss:1  | Gargoyl the Centaur Abyssal Knight began the quest for the
                  | Orb.
     0 | Abyss:1  | Reached XP level 1. HP: 19/19 MP: 2/2
    64 | Abyss:1  | Noticed a wraith
   169 | Abyss:1  | Noticed a guardian serpent
   171 | D:1      | Escaped the Abyss
   199 | D:1      | Reached * piety under Lugonu
   230 | D:1      | Reached XP level 2. HP: 22/26 MP: 3/3
   967 | D:2      | Reached skill level 1 in Dodging
   967 | D:2      | Reached XP level 3. HP: 21/31 MP: 4/4
  1301 | D:2      | Found a glowing golden altar of the Shining One.
  1624 | D:2      | Reached XP level 4. HP: 28/38 MP: 5/5
  2120 | D:2      | Found a sparkling altar of Nemelex Xobeh.
  2189 | D:2      | Found a basalt altar of Yredelemnul.
  2191 | D:2      | Noticed a profane servitor
  2436 | D:2      | Noticed an angel
  2606 | D:3      | Reached ** piety under Lugonu
  2961 | D:3      | Noticed Terence
  2989 | D:3      | Killed Terence
  2989 | D:3      | Reached XP level 5. HP: 29/45 MP: 7/7
  3114 | D:3      | Found a faded altar of an unknown god.
  3576 | D:4      | Found a glowing silver altar of Zin.
  3628 | D:4      | Found a staircase to the Ecumenical Temple.
  3672 | Temple   | Entered the Ecumenical Temple
  4024 | Temple   | Reached XP level 6. HP: 52/52 MP: 8/8
  4680 | D:4      | Noticed an orc warrior
  4828 | D:4      | Noticed Sigmund
  4859 | D:4      | Killed Sigmund
  4859 | D:4      | Reached XP level 7. HP: 26/58 MP: 9/9
  5371 | D:5      | Entered Level 5 of the Dungeon
  5535 | D:5      | Noticed Pikel
  5557 | D:5      | Slain by Pikel

Levels and vault maps discovered:
D:1:      kennysheep_arrival_forest, layout_loops_ring, roderic_roman_lattice,
          chequers_serial_rivers_room_b, minmay_heptomino_h4
D:2:      layout_loops_cross, grunt_temple_overflow_holy_war,
          nicolae_overflow_hidden_temple, minmay_misc_feat_diagonals,
          st_stairs_9
D:3:      layout_rooms, chequers_ecumenical_altar_simple_redux, uniq_terence
D:4:      layout_layer_cave, zin_statuary, minmay_temple_entry_butterflies,
          first_ration, lightli_corner_chamber, uniq_sigmund
D:5:      layout_basic, hangedman_minor_gate_pass, uniq_pikel
Temple:   jpeg_temple_clearing

Skill      XL: |  1  2  3  4  5  6  7 |
---------------+----------------------+-----
Axes           | 2 3 |  3.8
Dodging        | 1 2 |  2.1
Armour         | 2 3 4 |  4.0
Invocations    | 3 |  3.8
Fighting       | 4 |  4.0

Action                   |  1- 3 |  4- 6 |  7- 9 || total
-------------------------+-------+-------+-------++-------
Melee: Hand axe          |    84 |   230 |    32 ||   346
       Kick              |    15 |    36 |     2 ||    53
Invok: Depart the Abyss  |     1 |       |       ||     1
  Use: Scroll            |     2 |    11 |     1 ||    14
       Potion            |       |     2 |       ||     2
  Eat: Chunk             |     1 |     9 |     2 ||    12
Armor: Chain mail        |    96 |   192 |    27 ||   315
Dodge: Dodged            |    26 |    53 |     4 ||    83

Table legend:
 A = Non-vault XP
 B = Vault XP
 C = Vault XP percentage of total XP
 D = Non-vault monster count
 E = Vault monster count
 F = Vault count percentage of total count
                 A         B        C        D         E       F
            +---------+---------+-------+---------+---------+-------
      Total |     705 |     284 |  28.7 |      68 |       5 |   6.8
            +---------+---------+-------+---------+---------+-------
        D:1 |       8 |       2 |  20.0 |       6 |       1 |  14.3
        D:2 |     103 |      15 |  12.7 |      26 |       2 |   7.1
        D:3 |      49 |      36 |  42.4 |      14 |       1 |   6.7
        D:4 |     442 |     231 |  34.3 |      15 |       1 |   6.2
        D:5 |      56 |       0 |   0.0 |       4 |       0 |   0.0
     Temple |      39 |       0 |   0.0 |       2 |       0 |   0.0
    Abyss:1 |       8 |       0 |   0.0 |       1 |       0 |   0.0
            +---------+---------+-------+---------+---------+-------
